 Dungeon Crawl Stone Soup version 0.30-a0-782-ge64f9170bb (webtiles) character file.

Game seed: 14002791662089063673

320671 HoaS the Phalangite (level 20, -2/206 HPs)
             Began as a Minotaur Berserker on Mar 8, 2023.
             Was the Champion of Trog.
             Killed from afar by an ironbound frostheart (32 damage)
             ... by creeping frost
             ... on level 4 of the Vaults.
             The game lasted 01:28:22 (38030 turns).

HoaS the Phalangite (Minotaur Berserker)           Turns: 38030, Time: 01:28:22

Health: -2/206     AC: 39    Str: 28    XL:     20   Next: 63%
Magic:  19/19      EV: 23    Int:  4    God:    Trog [******]
Gold:   3783       SH:  0    Dex: 13    Spells: 19/19 levels left

rFire   . . .      SeeInvis .    F - +9 bardiche (flame)
rCold   . . .      Faith    .    (shield currently unavailable)
rNeg    . . .      Spirit   .    E - +4 storm dragon scales {Bai Suzhen}
rPois   +          Reflect  .    o - +2 hat
rElec   +          Harm     .    B - +2 cloak {Will+}
rCorr   .          Rampage  .    c - +2 pair of gloves
Will    ++...                    e - +2 pair of boots Stlth
                                 y - amulet of regeneration
HPRegen 1.34/turn                O - +5 ring of evasion
MPRegen 0.16/turn                v - ring of poison resistance

@: about to teleport, marked
A: horns 2, retaliatory headbutt
}: 2/15 runes: decaying, gossamer
a: Renounce Religion, Berserk, Trog's Hand, Brothers in Arms


You were on level 4 of the Vaults.
You worshipped Trog.
Trog was exalted by your worship.
You visited 7 branches of the dungeon, and saw 36 of its levels.
You also visited: Ossuary.

You collected 5120 gold pieces.
You spent 1337 gold pieces at shops.

Inventory:

Hand Weapons
 F - a +9 bardiche of flaming (weapon)
Armour
 c - a +2 pair of gloves (worn)
 e - a +2 pair of boots (worn)
 o - a +2 hat (worn)
 B - a +2 cloak of willpower (worn)
 E - +4 storm dragon scales (worn) {Bai Suzhen}
Jewellery
 g - the ring of Shadows {Umbra +Inv Stlth+}
   (You found it on level 4 of the Vaults)

   [ring of stealth]

   Umbra:     It surrounds you with an aura of shadow, increasing your stealth
   and reducing the accuracy of all others within it.
   +Inv:      It lets you turn invisible.
   Stlth:     It makes you more stealthy.
 v - a ring of poison resistance (right hand)
 w - a ring of resist corrosion
 y - an amulet of regeneration (around neck)
 G - a ring of protection from fire
 I - a ring of willpower
 J - a ring of ice
 O - a +5 ring of evasion (left hand)
 P - a ring of protection from cold
 Q - the ring "Caq Vin" {rC+ Will+ Str+3}
   (You found it on level 2 of the Swamp)

   [ring of willpower]

   Str:       It affects your strength (+3).
   rC:        It protects you from cold.
   Will:      It increases your willpower.
Wands
 a - a wand of acid (14)
 p - a wand of polymorph (10)
 q - a wand of charming (52)
 s - a wand of iceblast (4)
 C - a wand of flame (97)
 N - a wand of digging (15)
Scrolls
 b - 9 scrolls of blinking
 d - 5 scrolls of fear
 f - 10 scrolls of vulnerability
 k - 15 scrolls of teleportation
 D - 5 scrolls of silence
 K - a scroll of fog
 L - 8 scrolls of noise
 M - 2 scrolls of magic mapping
 R - a scroll of enchant weapon
Potions
 h - 13 potions of cancellation
 i - 24 potions of curing
 j - 8 potions of flight
 l - 3 potions of resistance
 m - 6 potions of invisibility
 n - 2 potions of lignification
 t - 10 potions of haste
 u - 4 potions of might
 x - 7 potions of attraction
 z - 2 potions of berserk rage
 A - 7 potions of mutation
 H - 5 potions of ambrosia


   Skills:
 - Level 24.0 Fighting
 - Level 24.0 Polearms
 - Level 24.0 Armour
 + Level 21.8 Dodging


You had 19 spell levels left.
You didn't know any spells.
Your spell library was empty.

Dungeon Overview and Level Annotations

Branches:
Dungeon (15/15)            Temple (0/1) D:4            Lair (5/5) D:11
  Swamp (4/4) Lair:2       Spider (4/4) Lair:3        Slime (0/5) Lair:4
    Orc (2/2) D:11            Elf (2/3) Orc:2        Vaults (4/5) D:14
  Crypt (0/3) Vaults:2     Depths (0/4) D:15        Ossuary (visited)

Altars:
Dithmenos
Fedhas
Hepliaklqana
Kikubaaqudgha
Makhleb
Nemelex Xobeh
Ru
Vehumet
Yredelemnul
Zin
The Shining One
Jiyva

Shops:
D:6 ?   Orc:2 ([[::   Elf:1 (**   Vaults:1 (   Vaults:3 :


Innate Abilities, Weirdness & Mutations

You have a pair of horns on your head.
You reflexively headbutt those who attack you in melee.


Message History

You feel much better. The ice encasing you melts away.
The ironbound preserver hits you but does no damage.
The slime creature completely misses you.
You furiously retaliate!
You headbutt the slime creature!!
The ironbound frostheart touches you but does no damage.
The great orb of eyes barely misses you.
You furiously retaliate!
You headbutt the great orb of eyes.
Strange energies crackle from the ironbound thunderhulk's apparatus.
The ironbound thunderhulk blinks!
The deep troll completely misses you. You furiously retaliate!
You headbutt the deep troll.
The deep troll claws you but does no damage. x2
The ironbound preserver misses you.
As you read the scroll of teleportation, it crumbles to dust.
You feel strangely unstable.
The ironbound convoker points at the vault warden and mumbles some strange words.
The vault warden seems to grow stronger.
The ironbound preserver misses you. You furiously retaliate!
You headbutt the ironbound preserver!
The slime creature hits you but does no damage.
The ironbound frostheart touches you but does no damage.
The great orb of eyes bites you but does no damage.
The deep troll misses you. You furiously retaliate!
You headbutt the deep troll.
The deep troll claws you but does no damage.
The deep troll claws you!
* * * LOW HITPOINT WARNING * * *
The ironbound preserver closely misses you.
You furiously retaliate!
You headbutt the ironbound preserver. You slice the deep troll!!
You burn the deep troll. Your headbutt misses the deep troll.
The deep troll is severely wounded.
You barely miss the deep troll.
The deep troll is severely wounded.
The ironbound preserver casts a spell.
The ironbound preserver begins to accept its allies' injuries.
The slime creature hits you but does no damage.
The ironbound frostheart calls freezing cold from the walls.
The frost grips you!!
You die...

#.... ###' #.... ...
#.... .. #....
#####'###############....
........?................
......ppp................
......ppJG.....########.#
....O.Tp@p.O...#......#.#
#########T##...#......#.#
#).#...#......#.#
...#...#......#.#
#...#...#......#.#
..#.#...#......#.#
######...#......#.#
........#####'##.#
..................


You could see 4 ironbound preservers, a vault warden (strong, sheltered), 2
ironbound thunderhulks, a great orb of eyes (strong, sheltered), a slime
creature (sheltered), an ironbound frostheart (strong, sheltered), 2 deep trolls
and an ironbound convoker (sheltered).

Vanquished Creatures
  Mara (Vaults:2)
  Boris (twice) (Vaults:3 Vaults:4)
  Bai Suzhen (Swamp:3)
  Jorgrun (D:15)
  Mlioglotl (Spider:1)
  A titan (Vaults:3)
  A deep elf blademaster (Elf:2)
  Roxanne (D:14)
  Kirke (D:12)
  A fenstrider witch (Swamp:4)
  4 ghost moths
  A fire giant (Vaults:4)
  9 vault wardens
  Louise (D:14)
  3 orc warlords
  A deep elf sorcerer (Vaults:4)
  6 emperor scorpions
  15 ironbound preservers
  9 very ugly things
  A broodmother (Spider:1)
  A deep elf demonologist (Elf:2)
  6 ironbound thunderhulks
  4 eleionomae
  2 spark wasps
  A bunyip (Swamp:2)
  A deep elf annihilator (Elf:1)
  11 dire elephants
  3 fire dragons
  7 yaktaur captains
  3 entropy weavers
  4 vault guards
  5 great orbs of eyes
  19 hydras
  A jorogumo (Spider:1)
  18 centaur warriors
  A merfolk avatar (Lair:5)
  A peacekeeper (Vaults:3)
  7 ironbound frosthearts
  6 boulder beetles
  A catoblepas (Lair:3)
  3 radroaches
  3 two-headed ogres
  17 alligators
  3 death yaks (Lair:3)
  A death scarab (Spider:3)
  22 dancing weapons
  3 orc high priests
  Sonja (Lair:5)
  Urug (Lair:5)
  9 deep elf knights (Elf:2)
  2 bunyip zombies (Swamp:2)
  3 pharaoh ants
  The ghost of p0werm0de the Trooper, a novice OgFi of Okawaru (D:6)
  3 goliath frogs
  2 bog bodies (Swamp:1)
  A skyshark (Lair:5)
  4 sun moths
  5 spriggan druids
  35 deep trolls
  12 swamp dragons
  15 orb spiders
  A sea snake (Lair:4)
  18 ironbound convokers
  4 deep elf archers
  A flayed ghost (Vaults:3)
  4 wizards
  Pikel (D:4)
  28 wolf spiders
  3 spectral wolf spiders (Spider:4)
  8 harpies
  16 deep elf pyromancers
  18 deep elf zephyrmancers
  13 lindwurms
  5 orc knights
  7 steelbarb worms
  4 necromancers
  3 wolf spider zombies (Spider:4)
  A harpy (shapeshifter) (D:14)
  15 ugly things
  A salamander (shapeshifter) (D:14)
  4 orc sorcerers
  7 manticores
  7 cyclopes
  2 will-o-the-wisps
  5 moths of wrath
  10 vault sentinels
  A guardian serpent (shapeshifter) (D:12)
  15 centaur zombies
  5 black mambas
  Maurice (D:8)
  4 elephants (Lair:4)
  6 demonic crawlers
  3 gargoyles
  18 cane toads
  10 rime drakes
  An unseen horror (D:12)
  3 kobold demonologists
  7 torpor snails
  7 komodo dragons
  21 yaktaurs
  7 meliai
  2 wind drakes (Lair:5)
  4 polar bears
  12 hornets
  14 trolls
  23 blink frogs
  A wind drake (shapeshifter) (D:13)
  4 wolf spider simulacra (Spider:4)
  A blink frog (shapeshifter) (D:14)
  Grinder (D:4)
  9 tyrant leeches
  23 tarantellas
  An alligator zombie (Swamp:2)
  7 dream sheep (Lair:4)
  A snapping turtle (Lair:5)
  A human simulacrum (Vaults:2)
  26 jumping spiders
  Sigmund (D:5)
  3 air elementals (Elf:1)
  4 spriggans
  29 slime creatures
  5 shadows
  3 centaur simulacra
  3 vampires
  23 culicivoras
  12 yaks
  4 wraiths
  2 basilisks
  7 wyverns
  5 humans (D:10)
  2 steam dragons
  A hog (D:13)
  Edmund (D:5)
  60 redbacks
  4 wargs
  14 swamp worms
  4 vampire mosquitoes (D:12)
  A glowing shapeshifter zombie (Vaults:2)
  3 acid dragons
  17 water moccasins
  4 swamp drakes (Swamp:4)
  A sky beast (D:8)
  2 black bears
  2 ice beasts
  38 orc warriors
  An ogre skeleton (Vaults:2)
  A boggart (Vaults:3)
  6 ogres
  An alligator simulacrum (Swamp:2)
  A swamp dragon zombie (Swamp:2)
  14 centaurs
  12 wolves
  3 lemures
  3 phantoms
  6 kobold brigands
  11 bullfrogs
  2 necrophages
  3 scorpions
  3 earth elementals (Elf:2)
  A gnoll sergeant (D:8)
  5 wights (D:7)
  4 killer bees (Lair:3)
  A howler monkey (D:10)
  2 electric eels (Lair:3)
  27 orc priests
  4 hounds
  3 gnoll boudas
  3 iguanas
  22 orc wizards
  A hound zombie (D:4)
  13 mummies (Ossuary)
  A howler monkey zombie (D:10)
  18 gnolls
  16 adders
  2 shadow imps
  17 white imps
  An ufetubus (D:7)
  An adder zombie (D:4)
  2 worms (D:2)
  3 dart slugs
  125 orcs
  6 endoplasms
  A giant cockroach (D:2)
  3 goblins
  7 hobgoblins
  10 jackals
  23 kobolds
  9 quokkas
  11 ball pythons
  7 bats
  2 frilled lizards (D:1)
  2 gnoll skeletons (Ossuary)
  A goblin skeleton (Ossuary)
  3 kobold skeletons (Ossuary)
  2 orc skeletons (Ossuary)
  5 rats
  11 rat skeletons (Ossuary)
1431 creatures vanquished.

Vanquished Creatures (collateral kills)
  A ghost moth (Spider:4)
  3 hydras (Swamp:4)
  A pharaoh ant (Spider:4)
  4 swamp dragons (Swamp:4)
  A spriggan druid (Swamp:4)
  A deep troll (Vaults:4)
  An orc knight (Orc:1)
  2 wolf spiders (Spider:4)
  3 yaktaurs (Vaults:4)
  A hornet (Swamp:4)
  A tyrant leech (Swamp:4)
  A jumping spider (Spider:4)
  A spriggan (Swamp:4)
  2 redbacks (Spider:4)
  2 swamp drakes (Swamp:4)
25 creatures vanquished.

Vanquished Creatures (others)
  An orb spider (Spider:3)
  A wolf spider (Spider:4)
  A bloated husk (Swamp:2)
  2 bushes (Lair:1)
  4 foxfires (Swamp:3)
  45 fungi
  116 plants
  8 withered plants (D:10)
178 creatures vanquished.

Grand Total: 1634 creatures vanquished

Notes
Turn   | Place    | Note
-------+----------+-------------------------------------------
     0 | D:1      | HoaS the Minotaur Berserker began the quest for the Orb.
     0 | D:1      | Reached XP level 1. HP: 19/19 MP: 0/0
   158 | D:1      | Reached XP level 2. HP: 20/26 MP: 1/1
   736 | D:1      | Found a faded altar of an unknown god.
   741 | D:1      | Reached skill level 5 in Polearms
   963 | D:2      | Reached XP level 3. HP: 29/31 MP: 2/2
  1000 | D:2      | Identified a scroll of acquirement
  1000 | D:2      | Acquired a manual of Armour
  1004 | D:2      | Reached ** piety under Trog
  1667 | D:3      | Reached XP level 4. HP: 39/39 MP: 3/3
  2006 | D:3      | Found the +2 ratskin cloak {*Rats rPois rN+ Str-1 Int-1
                  | Dex+1}
  2433 | D:4      | Noticed a necrophage
  2466 | D:3      | Killed a necrophage
  2467 | D:3      | Reached XP level 5. HP: 41/45 MP: 4/4
  2513 | D:4      | Found a shadowy altar of Dithmenos.
  2544 | D:4      | Reached XP level 6. HP: 50/51 MP: 5/5
  2677 | D:4      | Found a staircase to the Ecumenical Temple.
  2767 | D:4      | Noticed Pikel
  2861 | D:4      | Reached *** piety under Trog
  2998 | D:4      | Noticed Grinder
  3006 | D:4      | Paralysed by Grinder for 3 turns
  3027 | D:4      | Killed Grinder
  3028 | D:4      | Reached XP level 7. HP: 18/57 MP: 6/6
  3168 | D:4      | Found a sacrificial altar of Ru.
  3182 | D:4      | Reached skill level 10 in Polearms
  3312 | D:4      | Killed Pikel
  3313 | D:4      | Reached XP level 8. HP: 58/64 MP: 7/7
  3440 | D:4      | Found a basalt altar of Yredelemnul.
  3635 | D:4      | You fall into a shaft and drop 3 floors!
  3795 | D:6      | Found Lisise's Magic Scroll Shop.
  4109 | D:5      | Entered Level 5 of the Dungeon
  4152 | D:5      | Identified the +5 short sword "Hylum" {freeze, Int+2}
  4683 | D:5      | Noticed Sigmund
  4696 | D:5      | Killed Sigmund
  4942 | D:5      | Found a sparkling altar of Nemelex Xobeh.
  5022 | D:5      | Noticed Edmund
  5028 | D:5      | Killed Edmund
  5136 | D:5      | Reached XP level 9. HP: 72/72 MP: 8/8
  5555 | D:6      | Found a transporter.
  5556 | D:6      | Noticed p0werm0de's ghost (novice OgFi)
  5557 | D:6      | Found a transporter.
  5924 | D:6      | Found a glowing golden altar of the Shining One.
  6775 | D:7      | Found a hazy altar of Hepliaklqana.
  6845 | D:7      | Reached skill level 15 in Polearms
  7161 | D:7      | Found a burning altar of Makhleb.
  7161 | D:7      | Found a faded altar of an unknown god.
  7168 | D:7      | Found a faded altar of an unknown god.
  7170 | D:7      | Found a glowing silver altar of Zin.
  7172 | D:7      | Found a blossoming altar of Fedhas.
  7249 | D:7      | Noticed a deep elf pyromancer
  7256 | D:7      | Killed a deep elf pyromancer
  7256 | D:7      | Reached **** piety under Trog
  7372 | D:8      | Found a sand-covered staircase.
  7385 | Ossuary  | Entered an ossuary
  7746 | D:8      | Reached skill level 5 in Armour
  7746 | D:8      | Reached XP level 10. HP: 78/80 MP: 9/9
  7810 | D:8      | Reached ***** piety under Trog
  7988 | D:8      | Noticed an orange demon
  7990 | D:8      | Noticed a sun demon
  7997 | D:8      | Reached skill level 5 in Fighting
  7997 | D:8      | Reached skill level 5 in Dodging
  8148 | D:8      | Noticed Maurice
  8164 | D:8      | Killed Maurice
  9093 | D:10     | Entered Level 10 of the Dungeon
  9106 | D:10     | Received a gift from Trog
  9228 | D:10     | Reached XP level 11. HP: 88/92 MP: 10/10
  9309 | D:10     | Reached skill level 10 in Armour
 10014 | D:11     | Received a gift from Trog
 10024 | D:11     | Found a frozen archway.
 10192 | D:11     | Found a staircase to the Lair.
 10291 | D:11     | Noticed a two-headed ogre
 10299 | D:11     | Killed a two-headed ogre
 10361 | D:11     | Reached XP level 12. HP: 103/106 MP: 11/11
 10388 | D:11     | Found a staircase to the Orcish Mines.
 10822 | Lair:1   | Entered Level 1 of the Lair of Beasts
 11826 | Lair:1   | Identified the +3 scale mail of Insurance {rElec rC- Will++
                  | rCorr}
 12133 | Lair:2   | Identified the +6 falchion of Jalepiw {antimagic, rC+
                  | Stlth+}
 12221 | Lair:2   | Noticed an eight-headed hydra
 12239 | Lair:2   | Killed a six-headed hydra
 12573 | Lair:2   | Found a staircase to the Swamp.
 12894 | Lair:3   | Reached ****** piety under Trog
 13061 | Lair:3   | Reached XP level 13. HP: 112/112 MP: 12/12
 13096 | Lair:3   | Found a hole to the Spider Nest.
 13853 | Lair:4   | Received a gift from Trog
 14051 | Lair:4   | Found a viscous altar of Jiyva.
 14051 | Lair:4   | Found a staircase to the Slime Pits.
 14520 | Lair:5   | Entered Level 5 of the Lair of Beasts
 14821 | Lair:5   | Noticed Urug
 14834 | Lair:5   | Killed Urug
 15002 | Lair:4   | Reached XP level 14. HP: 66/119 MP: 13/13
 15178 | Lair:5   | HP: 4/119 [drowned by a drowned soul[a merfolk avatar]
                  | (10)]
 15280 | Lair:5   | Identified the +4 long sword of Jun Usm {antimagic, Will+}
 15658 | Lair:5   | Reached skill level 10 in Dodging
 15701 | Lair:5   | Noticed Sonja
 15708 | Lair:5   | Killed Sonja
 15720 | Lair:5   | Received a gift from Trog
 15721 | Lair:5   | Reached skill level 10 in Fighting
 17070 | Orc:1    | Entered Level 1 of the Orcish Mines
 17170 | Orc:1    | Found a radiant altar of Vehumet.
 17298 | Orc:1    | Noticed an orc warlord
 17316 | Orc:1    | Killed an orc warlord
 17317 | Orc:1    | Reached skill level 15 in Armour
 17493 | D:11     | Received a gift from Trog
 17704 | Orc:2    | Entered Level 2 of the Orcish Mines
 17750 | Orc:2    | Found Awiceomi's Antique Armour Shop.
 17916 | Orc:2    | Found a staircase to the Elven Halls.
 18077 | Orc:2    | Found Liym's Book Emporium.
 18120 | Orc:2    | Found Garoclug's Book Shop.
 18432 | Orc:2    | Received a gift from Trog
 18603 | Orc:2    | Noticed an orc warlord
 18624 | Orc:2    | Killed an orc warlord
 18644 | Orc:2    | Found Ekhae's Antique Weapon Shoppe.
 18649 | Orc:2    | Found Wummeuty's Antique Armour Emporium.
 18871 | Orc:2    | Bought a manual of Armour for 880 gold pieces
 18920 | Orc:2    | Bought a pair of embroidered gloves for 187 gold pieces
 18985 | Orc:1    | Reached XP level 15. HP: 124/132 MP: 14/14
 19392 | D:13     | Noticed Kirke
 19421 | D:12     | Killed Kirke
 19493 | D:13     | Found a radiant altar of Vehumet.
 20191 | D:14     | Noticed Louise
 20202 | D:14     | Killed Louise
 20362 | D:14     | Noticed Roxanne
 20644 | D:14     | Found a gate to the Vaults.
 20845 | D:14     | Killed Roxanne
 20909 | D:15     | Entered Level 15 of the Dungeon
 20942 | D:15     | Noticed Jorgrun
 20954 | D:15     | Killed Jorgrun
 21081 | D:15     | Received a gift from Trog
 21392 | D:15     | Found a staircase to the Depths.
 21402 | D:15     | Acquired 795 gold pieces
 21827 | Elf:1    | Entered Level 1 of the Elven Halls
 21830 | Elf:1    | Paralysed by an air elemental for 1 turns
 21908 | Elf:1    | Found Cuicuh's Antique Weapon Shop.
 22220 | Elf:1    | Found Dyicveke's General Store.
 22310 | Elf:1    | Found Pugal's Antique Weapon Boutique.
 22695 | Elf:1    | Found Iluythrui's General Store.
 22705 | Elf:1    | Bought a potion of curing for 60 gold pieces
 22705 | Elf:1    | Bought a scroll of enchant armour for 150 gold pieces
 22705 | Elf:1    | Bought a potion of curing for 60 gold pieces
 23080 | Elf:2    | Identified the +8 rapier "Wousch" {freeze, Str+4 Int+5
                  | Stlth+}
 23152 | Elf:2    | Identified the +7 mace of Plague {heavy, rC- rCorr Str+2}
 23155 | Elf:2    | Found a runed translucent gate.
 23155 | Elf:2    | Found a runed translucent gate.
 23160 | Elf:2    | Reached XP level 16. HP: 147/147 MP: 15/15
 23160 | Elf:2    | Found a runed translucent gate.
 23254 | Elf:2    | Reached skill level 15 in Fighting
 23954 | Spider:1 | Entered Level 1 of the Spider Nest
 24044 | Spider:1 | Received a gift from Trog
 24527 | Spider:1 | Noticed Mlioglotl
 24534 | Spider:1 | Killed Mlioglotl
 25246 | Spider:2 | Received a gift from Trog
 26122 | Spider:2 | Identified the +0 pair of gloves of Cuan {rC++}
 26590 | Spider:2 | Reached XP level 17. HP: 161/161 MP: 16/16
 27339 | Spider:4 | Entered Level 4 of the Spider Nest
 27362 | Spider:3 | HP: 11/243 [wolf spider[a torpor snail] (22)]
 27367 | Spider:3 | HP: 12/243 [poisoned by a wolf spider]
 27645 | Spider:4 | Received a gift from Trog
 28761 | Spider:4 | Received a gift from Trog
 29079 | Spider:4 | Reached skill level 15 in Dodging
 29191 | Spider:4 | Got a gossamer rune of Zot
 29408 | Swamp:1  | Entered Level 1 of the Swamp
 29971 | Swamp:2  | Received a gift from Trog
 30205 | Swamp:2  | Reached XP level 18. HP: 151/176 MP: 17/17
 30224 | Swamp:2  | Identified the ring "Caq Vin" {rC+ Will+ Str+3}
 31217 | Swamp:4  | Entered Level 4 of the Swamp
 31217 | Swamp:4  | Noticed Bai Suzhen
 31238 | Swamp:3  | Killed Bai Suzhen
 31317 | Swamp:4  | Identified the +6 lajatang of the Unliving {freeze, rElec
                  | rPois Int+3}
 31400 | Swamp:4  | Received a gift from Trog
 31696 | Swamp:4  | Got a decaying rune of Zot
 32237 | D:6      | Killed p0werm0de's ghost
 33209 | Vaults:1 | Entered Level 1 of the Vaults
 33395 | Vaults:1 | Reached XP level 19. HP: 183/191 MP: 18/18
 33820 | Vaults:1 | Received a gift from Trog
 34324 | Vaults:1 | Found Plog's Weapon Shoppe.
 34330 | Vaults:1 | Identified the +3 buckler of Elitism {rF+ MP+9 Int+3}
 34525 | Vaults:2 | Found a staircase to the Crypt.
 34525 | Vaults:2 | Found an ancient bone altar of Kikubaaqudgha.
 34526 | Vaults:2 | Found a basalt altar of Yredelemnul.
 34943 | Vaults:2 | Received a gift from Trog
 35122 | Vaults:2 | Noticed Mara
 35137 | Vaults:2 | Noticed HoaS's illusion
 35289 | Vaults:2 | Noticed HoaS's illusion
 35441 | Vaults:2 | Noticed HoaS's illusion
 35565 | Vaults:2 | Killed Mara
 36143 | Vaults:3 | Found Ifoj's Book Shop.
 36167 | Vaults:3 | Paralysed by a great orb of eyes for 4 turns
 36293 | Vaults:3 | Identified the +1 pair of gloves of Wogris {Harm *Slow
                  | Will+}
 36464 | Vaults:3 | Received a gift from Trog
 36501 | Vaults:3 | Reached XP level 20. HP: 206/206 MP: 19/19
 36523 | Vaults:3 | Noticed Boris
 36536 | Vaults:3 | Killed Boris
 36879 | Vaults:3 | Identified the +7 bardiche "Reid" {venom, rElec}
 37113 | Vaults:3 | Identified the +1 scimitar of Nemelex Xobeh's Fury
                  | {antimagic, rPois Will+}
 37621 | Vaults:4 | Received a gift from Trog
 37719 | Vaults:4 | Noticed Boris
 37730 | Vaults:4 | Killed Boris
 37865 | Vaults:4 | Found the ring of Shadows {Umbra +Inv Stlth+}
 38030 | Vaults:4 | Killed from afar by an ironbound frostheart

Illustrated notes

Levels and vault maps discovered:
D:1:      minmay_arrival_solitary_statue, layout_loops_cross,
          shapermc_ecumenical_altar_starsandcircs, serial_forest,
          infiniplex_forest_straight_5, infiniplex_forest_straight_4,
          infiniplex_forest_corner_1, infiniplex_forest_straight_1,
          infiniplex_forest_zigzag_1, infiniplex_forest_clump_long,
          infiniplex_forest_end_2, infiniplex_forest_pool,
          infiniplex_forest_3_way
D:2:      layout_loops_ring
D:3:      layout_rooms
D:4:      layout_layer_cave, nicolae_ru_great_annihilating_truth,
          grunt_dithmenos_smoke_and_mirrors, lemuel_zombie_altar_yredelemnul,
          minmay_temple_entry_proselytizer, uniq_grinder, uniq_pikel
D:5:      layout_cave_pods, nemelex_diamond_rough_becter, serial_column_ruins,
          column_ruins_hut, column_ruins_hut, column_ruins_grid_1,
          column_ruins_open_tiny, column_ruins_open_small,
          column_ruins_corridor_straight, column_ruins_open_tiny, uniq_sigmund,
          uniq_edmund
D:6:      layout_basic, tso_altar, gammafunk_ghost_arena, serial_shops,
          nicolae_lakefront_shop, chequers_garden, kennysheep_generic_room_9
D:7:      layout_basic, chequers_temple_overflow_minitemple, lemuel_tele_altar,
          chequers_serial_rivers_large_b, guppyfry_early_elven_hall
D:8:      layout_basic, nicolae_ossuary_entry_ruins, uniq_maurice
D:9:      layout_rooms, dk_vineyard_1
D:10:     layout_roguey [special_room_orc], serial_undead, serial_undead_c,
          serial_undead_c, serial_undead_a, serial_undead_f, serial_undead_f,
          serial_undead_d, serial_undead_f, serial_undead_b,
          dreamdust_mushroom_princess, small_statue_intersection,
          minmay_ruffians
D:11:     layout_stronghold, lair_entry_dummy, orc_0_dummy,
          portal_ice_cave_entry_imps, minivault_1
D:12:     kennysheep_bubbly, layout_small_grid
D:13:     layout_stronghold, vehumet_altar_wand_db, uniq_kirke
D:14:     layout_gridville, david_vaults_1, serial_park_tiny_2,
          minmay_misc_feat_plants, grunt_tough_drop, uniq_roxanne, uniq_louise
D:15:     grunt_enter_depths_magical_seal, layout_gridville,
          minmay_lindwurm_lava, uniq_jorgrun
Lair:1:   minmay_lair_venomous_thicket, layout_long_grid
Lair:2:   layout_cellular_growth, minmay_swamp_entry_worms, grunt_megastairs_4
Lair:3:   layout_regular_city, hellmonk_spider_entry_not_the_bees,
          nicolae_lair_grazing_beasts [nicolae_sub_lair_graze_edge,
          nicolae_sub_lair_graze_edge, nicolae_sub_lair_graze_edge,
          nicolae_sub_lair_graze_edge]
Lair:4:   layout_loops_ring, slime_entry_1
Lair:5:   gammafunk_lair_ancient_temple, layout_cave_pods, minivault_24,
          minmay_hedge_maze, uniq_urug, uniq_sonja
Swamp:1:  layout_basic_swamp, nicolae_swamp_ascending_descending,
          infiniplex_staircase_pool
Swamp:2:  layout_basic_swamp, evilmike_swamp_ruin_house_4, swamp_pool3,
          nicolae_swamp_necromancer_hut
Swamp:3:  nicolae_swamp_ascending_descending_big, layout_basic_swamp,
          serial_swamp_ruin, evilmike_swamp_ruin_house_6,
          evilmike_swamp_ruin_house_2, evilmike_swamp_ruin_wall, swamp_pool1,
          hangedman_swamp_double_dragon
Swamp:4:  swamp, layout_basic_swamp, uniq_bai_suzhen
Spider:1: nicolae_spider_hilbert_zone_4 [nicolae_spider_hilbert_4_sides_2_open,
          nicolae_spider_hilbert_4_sides_1_open,
          nicolae_spider_hilbert_4_sides_1_open,
          nicolae_spider_hilbert_4_sides_1_open,
          nicolae_spider_hilbert_4_sides_1_open,
          nicolae_spider_hilbert_2_sides_1_open,
          nicolae_spider_hilbert_2_sides_1_open,
          nicolae_spider_hilbert_2_sides_1_open,
          nicolae_spider_hilbert_2_sides_1_open,
          nicolae_spider_hilbert_6_sides_1_open,
          nicolae_spider_hilbert_6_sides_1_open,
          nicolae_spider_hilbert_3_sides_1_open,
          nicolae_spider_hilbert_3_sides_1_open], uniq_mlioglotl
Spider:2: layout_chambers, hellmonk_motheaten_closet
Spider:3: layout_cave_pods, drop_trap
Spider:4: spider_rune_water, drop_trap, nicolae_spider_undead_wolf_pack
Orc:1:    layout_caves, special_room [special_room_orc], basic_altar
Orc:2:    grunt_orc_community_town_hall, layout_diamond_mine,
          grunt_orc_community_big_house_1, grunt_orc_community_big_house_1,
          grunt_orc_community_house_1, grunt_orc_community_house_3,
          grunt_orc_community_house_1, grunt_orc_community_house_1,
          grunt_orc_community_house_2, grunt_orc_community_house_1,
          serial_shops, nicolae_diamond_shop
Elf:1:    nicolae_elf_arrival_aired_out, layout_loops_corners, serial_shops,
          shop, nicolae_take_the_stairs, nicolae_shop_crystal,
          nicolae_shop_advertising_works [nicolae_subvault_shop_adworks],
          hangedman_corner_corridor
Elf:2:    elven_hall_of_blades_hangedman_original [nicolae_blade_lattice],
          layout_loops_corners, minivault_24
Vaults:1: ontoclasm_vaults_ring_square, nicolae_vaults_disjoint_gnomons,
          nicolae_vaults_windows_and_doors_thing,
          hangedman_vaults_corner_blocks, v_misc_8,
          nicolae_vaults_sealed_display, vaults_room_grid,
          hangedman_vaults_slice, vaults_standard_mumra_x,
          nicolae_vaults_stairing_the_circle, nicolae_vaults_asterisk,
          nicolae_vaults_theta, ontoclasm_vaults_gateway, layout_vaults_ring,
          serial_shops, shop
Vaults:2: v_rooms_6, vaults_room_fours, minmay_crypt_entry_necro_gods,
          hangedman_vaults_stretched_pinwheel, vaults_room_fours,
          vaults_standard_mumra_lines, hangedman_vaults_corner_blocks,
          vaults_room_stairs_pillars, hangedman_vaults_restitches,
          vaults_dpeg_hooks, layout_vaults_quadrants, uniq_mara
Vaults:3: ontoclasm_vaults_decontamination, nicolae_vaults_little_squares_4,
          vaults_mumra_hexcomb, hangedman_vaults_pinch, kb_rosetta,
          vaults_room_ringed_pool, v_misc_12, grunt_vaults_swirl,
          vaults_room_fancy_cross, v_misc_15, vaults_room_mumra_shop_pool,
          vaults_room_fancy_cross, grunt_vaults_twisty, layout_vaults_omnibox,
          uniq_boris
Vaults:4: ontoclasm_vaults_ligature, hangedman_vaults_corner, vaults_dpeg_cross,
          hangedman_vaults_unwind, nicolae_vaults_c_with_doors, v_misc_9,
          hangedman_vaults_trim, nicolae_vaults_diagonal_hallway_7,
          vaults_room_grunt_arrival_ludios, v_rooms_5, ontoclasm_vaults_fault,
          grunt_vaults_diagonal, nicolae_vaults_little_squares_3,
          layout_vaults_omnicross

Skill      XL: |  1  2  3  4  5  6  7  8  9 10 11 12 13 14 15 16 17 18 19 20 |
---------------+-------------------------------------------------------------+-----
Polearms       | 4 5 6 7 8 9 11 13 16 17 20 23 24 | 24.0
Armour         | 4 5 9 12 16 19 22 24 | 24.0
Fighting       | 4 7 9 12 14 17 19 22 24 | 24.0
Dodging        | 4 8 9 11 13 14 15 17 19 21 | 21.8

Action                     |  1- 3 |  4- 6 |  7- 9 | 10-12 | 13-15 | 16-18 | 19-21 || total
---------------------------+-------+-------+-------+-------+-------+-------+-------++-------
  Melee: Spear             |   129 |   168 |   118 |       |       |       |       ||   415
         Headbutt          |    18 |    25 |    49 |    97 |   142 |   193 |   164 ||   688
         Punch             |     1 |     1 |       |       |       |       |       ||     2
         Halberd           |       |       |   259 |   416 |       |       |       ||   675
         Bardiche          |       |       |       |   205 |  1069 |  1180 |   688 ||  3142
  Throw: Throwing net      |       |       |       |     1 |       |     2 |       ||     3
 Invoke: Berserk           |       |       |     2 |       |     3 |     2 |     1 ||     8
         Trog's Hand       |       |       |     1 |       |     3 |     4 |     1 ||     9
         Brothers in Arms  |       |       |       |       |     1 |     4 |     1 ||     6
  Evoke: Wand              |       |       |       |       |     5 |       |       ||     5
    Use: Scroll            |     9 |     6 |    11 |     8 |     3 |     6 |     2 ||    45
         Potion            |       |       |       |       |     5 |     3 |     4 ||    12
   Stab: Held in net/web   |       |       |       |     1 |       |     1 |       ||     2
         Distracted        |       |       |       |       |       |       |     1 ||     1
 Armour: Plate armour      |    19 |    63 |   114 |   358 |   499 |   465 |       ||  1518
         Scale mail        |     4 |       |       |       |       |       |       ||     4
         Animal skin       |     1 |       |       |       |       |       |       ||     1
         Storm dragon scal |       |       |       |       |       |   151 |   342 ||   493
  Dodge: Dodged            |    27 |    34 |    82 |   195 |   383 |   964 |   635 ||  2320

Table legend: (Time is in decaauts)
 A = Elapsed time spent in this place.
 B = Non-inter-level travel time spent in this place.
 C = Inter-level travel time spent in this place.
 D = Time resting spent in this place.
 E = Time spent auto-exploring this place.
 F = Levels seen in this place.
 G = Mean time per level.
                   A        B        C        D        E       F      G
               +--------+--------+--------+--------+--------+-----+--------+
         Total |  37337 |  34498 |   2839 |   5777 |  21357 |  37 | 1009.1 |
       Dungeon |  14222 |  13019 |   1203 |   1968 |   8443 |  15 |  948.1 |
          Lair |   5503 |   5099 |    404 |    993 |   3044 |   5 | 1100.6 |
         Swamp |   2486 |   2359 |    127 |    205 |   1545 |   4 |  621.5 |
   Spider Nest |   5266 |   5159 |    107 |   1352 |   2812 |   4 | 1316.5 |
  Orcish Mines |   2172 |   1721 |    451 |     61 |   1048 |   2 | 1086.0 |
   Elven Halls |   2780 |   2339 |    441 |    289 |   1671 |   2 | 1390.0 |
        Vaults |   4580 |   4477 |    103 |    900 |   2607 |   4 | 1145.0 |
       Ossuary |    324 |    324 |      0 |      7 |    184 |   1 |  324.0 |
               +--------+--------+--------+--------+--------+-----+--------+

Top non-repeatable levels by time:
     D:4: 1530 daAuts
Spider:4: 1484 daAuts
Vaults:1: 1448 daAuts
   Elf:1: 1398 daAuts
   Elf:2: 1381 daAuts
   Orc:2: 1378 daAuts
Vaults:3: 1360 daAuts
Spider:2: 1354 daAuts
     D:6: 1342 daAuts
  Lair:5: 1323 daAuts
Vaults:2: 1304 daAuts
Spider:3: 1284 daAuts
  Lair:1: 1268 daAuts
  Lair:3: 1202 daAuts
     D:7: 1202 daAuts
